 Dungeon Crawl Stone Soup version 0.26-a0-852-g6321bf7485 (webtiles) character file.

Game seed: 14648395834040185571

11 dickylongcocking the Chiller (level 2, -1/19 HPs)
             Began as a Demonspawn Ice Elementalist on Nov 21, 2020.
             Slain by a rat (2 damage)
             ... on level 1 of the Dungeon.
             The game lasted 00:00:55 (382 turns).

dickylongcocking the Chiller (DsIE)                  Turns: 382, Time: 00:00:56

Health: -1/19      AC:  2    Str:  8    XL:     2   Next: 17%
Magic:  1/5        EV: 12    Int: 16    God:
Gold:   0          SH:  0    Dex: 13    Spells: 4/5 levels left

rFire    . . .     SeeInvis .   b - +0 club
rCold    . . .     Faith    .   (no shield)
rNeg     . . .     Spirit   .   a - +0 robe
rPois    .         Reflect  .   (no helmet)
rElec    .         Harm     .   (no cloak)
rCorr    .         Rampage  .   (no gloves)
MR       .....                  (no boots)
Stlth    ++........             (no amulet)
HPRegen  0.06/turn              (no ring)
MPRegen  0.09/turn              (no ring)

@: no status effects
A: powered by pain 1
a: no special abilities


You were on level 1 of the Dungeon.
You visited 1 branch of the dungeon, and saw 1 of its levels.

Inventory:

Hand Weapons
 b - a +0 club (weapon)
Armour
 a - a +0 robe (worn)
Scrolls
 c - 2 scrolls of teleportation {unknown}
Potions
 d - a potion of magic {unknown}


   Skills:
 + Level 1.9 Dodging
 + Level 1.7 Stealth
 + Level 2.1 Spellcasting
 + Level 4.0 Ice Magic


You had 4 spell levels left.
You knew the following spells:

 Your Spells              Type           Power        Failure   Level
a - Freeze                Ice            ##..         4%          1

Your spell library contained the following spells:

 Spells                   Type           Power        Failure   Level
 Frozen Ramparts          Ice            ##....       12%         3
 Ozocubu's Armour         Ice            ##......     12%         3
 Hailstorm                Conj/Ice       #.......     65%         4
 Summon Ice Beast         Ice/Summ       #.......     65%         4


Dungeon Overview and Level Annotations

Branches:
Dungeon (1/15)

Altars:


Innate Abilities, Weirdness & Mutations

You sometimes gain a little power by taking damage.


Message History

You freeze the hobgoblin.
You kill the hobgoblin!
The hobgoblin closely misses you. The rat barely misses you.
Unknown command.
The hobgoblin hits you. The rat barely misses you.
You see here a hobgoblin corpse.
You hit the hobgoblin but do no damage. The hobgoblin closely misses you.
The rat bites you. The hobgoblin closely misses you. The rat barely misses you.
You hit the hobgoblin but do no damage. The rat closely misses you.
The hobgoblin hits you.
You hit the hobgoblin but do no damage. The rat bites you.
The hobgoblin hits you.
Your magical contamination has completely faded away.
You hit the hobgoblin but do no damage. The hobgoblin closely misses you.
The rat bites you. x2
* * * LOW HITPOINT WARNING * * *
The hobgoblin hits you.
* * * LOW HITPOINT WARNING * * *
You barely miss the hobgoblin. The rat bites you.
You die...

#.#...#.....#...#
#..#..8.....8...#
##...######.##.>#
#....#.....#...#
##.(.).........#
#.....####...)#
#.....# ##...#
#..#..##########
#...##.@..$.# ...
#rg....# #......#
#......# #......#
#......# #......#
#......#


You could see a hobgoblin and a rat.

Vanquished Creatures
  A giant cockroach (D:1)
  2 goblins (D:1)
  3 hobgoblins (D:1)
  2 kobolds (D:1)
  2 rats (D:1)
10 creatures vanquished.

Notes
Turn   | Place    | Note
-------+----------+-------------------------------------------
     0 | D:1      | dickylongcocking the Demonspawn Ice Elementalist began the
                  | quest for the Orb.
     0 | D:1      | Reached XP level 1. HP: 13/13 MP: 3/3
    74 | D:1      | Reached skill level 4 in Ice Magic
    74 | D:1      | Gained mutation: You sometimes gain a little power by
                  | taking damage. [demonic ancestry]
    74 | D:1      | Reached XP level 2. HP: 8/19 MP: 0/5
   382 | D:1      | Slain by a rat

Illustrated notes

Levels and vault maps discovered:
D:1:      scummos_arrival_simple_crosswalls, layout_rooms, feat_on_display

Skill      XL: |  1 |
---------------+----+-----
Ice Magic      | 4 |  4.0
Dodging        | |  1.9
Stealth        | |  1.7
Spellcasting   | |  2.1

Action                   || total
-------------------------++-------
Melee: Club              ||    17
       Unarmed           ||     2
 Cast: Freeze            ||    12
Armor: Robe              ||     6
Dodge: Dodged            ||    29

Table legend: (Time is in decaauts)
 A = Elapsed time spent in this place.
 B = Non-inter-level travel time spent in this place.
 C = Inter-level travel time spent in this place.
 D = Time resting spent in this place.
 E = Time spent auto-exploring this place.
 F = Levels seen in this place.
 G = Mean time per level.
                   A        B        C        D        E       F      G
               +--------+--------+--------+--------+--------+-----+--------+
         Total |    386 |    386 |      0 |    201 |     94 |   1 |  386.0 |
       Dungeon |    386 |    386 |      0 |    201 |     94 |   1 |  386.0 |
               +--------+--------+--------+--------+--------+-----+--------+

Top non-repeatable levels by time:
     D:1: 386 daAuts
